 Dungeon Crawl Stone Soup version 0.31-a0-917-ga885b83477 (webtiles) character file.

Game seed: 8648956711663557676

168 12345 the Shield-Bearer (level 5, -4/53 HPs)
             Began as a Troll Fighter on Oct 17, 2023.
             Killed from afar by an orc wizard (11 damage)
             ... with a puff of flame
             ... on level 4 of the Dungeon.
             The game lasted 00:04:32 (2314 turns).

12345 the Shield-Bearer (Troll Fighter)             Turns: 2314, Time: 00:04:33

Health: -4/53      AC:  4    Str: 24    XL:     5   Next: 23%
Magic:  4/4        EV:  9    Int:  4    God:
Gold:   193        SH:  0    Dex: 11    Spells: 4/4 levels left

rFire   . .          .
                       - Unarmed
rCold   . . .        b - +0 kite shield
rNeg    . . .        a - +0 robe
rPois   .            (helmet restricted)
rElec   .            (no cloak)
rCorr   .            (gloves unavailable)
SInv    .            (boots unavailable)
Will    .....        (no amulet)
Stlth   +            (no ring)
HPRegen 1.08/turn    (no ring)
MPRegen 0.09/turn

%: no passive effects
@: confused
A: large, unfitting armour, claws 3, regeneration 1, shaggy fur 1, tough skin 1
a: no special abilities


You were on level 4 of the Dungeon.
You visited 1 branch of the dungeon, and saw 4 of its levels.

You collected 193 gold pieces.

Inventory:

Missiles
 f - 2 boomerangs
Armour
 a - a +0 robe (worn)
 b - a +0 kite shield (worn)
Scrolls
 j - a scroll of noise {unknown}
 k - 2 scrolls of vulnerability
 m - a scroll of immolation {unknown}
 n - a scroll of enchant weapon {unknown}
 p - a scroll of fog {unknown}
 q - a scroll of revelation {unknown}
 r - a scroll of enchant armour {unknown}
 s - a scroll of teleportation
 u - a scroll of silence {unknown}
Potions
 c - a potion of might
 d - 3 potions of curing
 e - a potion of attraction {unknown}
 h - 2 potions of haste
 i - a potion of enlightenment {unknown}
 l - a potion of brilliance {unknown}
 o - a potion of ambrosia {unknown}
 t - 2 potions of lignification {unknown}


   Skills:
 + Level 3.0 Fighting
 + Level 1.3 Throwing
 + Level 2.8 Dodging
 * Level 3.6 Shields
 * Level 3.3 Unarmed Combat


You had 4 spell levels left.
You didn't know any spells.
Your spell library contained the following spells:

 Spells                   Type           Power      Damage    Failure   Level
 Summon Small Mammal      Summ           0%         N/A       77%         1
 Call Canine Familiar     Summ           0%         N/A       98%         3
 Summon Guardian Golem    Hex/Summ       0%         N/A       98%         3


Dungeon Overview and Level Annotations

Branches:
Dungeon (4/15)
 Temple: D:4-7

Altars:


Innate Abilities, Weirdness & Mutations

You are too large for most types of armour.
You have claws for hands.
Your natural rate of healing is unusually fast.
You are covered in fur. (AC +1)
You have tough skin. (AC +1)


Message History

You claw the orc!
You kill the orc!
The orc hits you with a +0 hand axe. You block the orc priest's attack.
You completely miss the orc priest. The orc hits you with a +0 hand axe.
You block the orc priest's attack. The orc hits you with a +0 hand axe.
You claw the orc priest!
The orc priest is severely wounded.
The orc priest barely misses you. The orc hits you with a +0 hand axe.
* * * LOW HITPOINT WARNING * * *
You scratch the orc priest.
You kill the orc priest!
The orc closely misses you.
Items here: ( )))) [ ††.
You closely miss the orc.
The orc is severely wounded.
You hear some strange, mumbled words.
A magic dart appears from out of thin air!
The magic dart hits you.
* * * LOW HITPOINT WARNING * * *
You block the orc's attack.
Items here: ( )))) [ ††.
You miss something.
You hear some strange, mumbled words.
You are confused.
The orc hits you with a +0 hand axe.
* * * LOW HITPOINT WARNING * * *
You're too confused to move!
Something hits you but does no damage. The orc misses you.
You bump into the rock wall.
Something hits you.
* * * LOW HITPOINT WARNING * * *
The orc hits you but does no damage.
You closely miss something. Something hits you.
* * * LOW HITPOINT WARNING * * *
The orc hits you with a +0 hand axe.
* * * LOW HITPOINT WARNING * * *
You completely miss something.
You hear some strange, mumbled words.
A puff of flame appears from out of thin air!
The puff of flame hits you!
You die...

###
.#########.#######
..................
..................
..#....#.o........
...o.#.#@#########
o##K #.#{# ..
#.#o# .. #.#o# .
#.#.# #.#.# #.#
..# ..#


You could see 3 orcs.

Vanquished Creatures
  An orc priest (D:4)
  An orc wizard (D:2)
  An adder (D:3)
  4 gnolls (D:3)
  A worm (D:2)
  4 orcs
  4 bats
  4 endoplasms
  5 giant cockroaches
  2 goblins (D:3)
  8 hobgoblins
  5 jackals (D:1)
  3 quokkas
  5 ball pythons
  6 kobolds
  4 rats
58 creatures vanquished.

Notes
Turn   | Place    | Note
-------+----------+-------------------------------------------
     0 | D:1      | 12345 the Troll Fighter began the quest for the Orb.
     0 | D:1      | Reached XP level 1. HP: 22/22 MP: 0/0
   211 | D:1      | Reached XP level 2. HP: 29/29 MP: 1/1
   792 | D:2      | Reached XP level 3. HP: 29/36 MP: 2/2
  1446 | D:2      | Reached XP level 4. HP: 33/41 MP: 3/3
  1786 | D:3      | Reached skill level 1 in Throwing
  2299 | D:4      | Reached XP level 5. HP: 29/53 MP: 4/4
  2314 | D:4      | Killed from afar by an orc wizard

Illustrated notes

Levels and vault maps discovered:
D:1:      evilmike_arrival_fibonacci_small, layout_loops_ring,
          serial_bayou_lagoon_a
D:2:      minmay_door_path, layout_loops_ring, nicolae_the_louvre
D:3:      layout_basic, kennysheep_potato
D:4:      layout_basic, nicolae_overflow_hidden_temple,
          yredelemnul_altar_generic, feat_on_display

Skill      XL: |  1  2  3  4 |
---------------+-------------+-----
Shields        | 3 |  3.6
Throwing       | 1 |  1.3
Unarmed Combat | 3 |  3.3
Fighting       | 3 |  3.0
Dodging        | |  2.8

Action                     |  1- 3 |  4- 6 || total
---------------------------+-------+-------++-------
  Melee: Unarmed           |    91 |    62 ||   153
    Use: Scroll            |     1 |     3 ||     4
 Armour: Robe              |    60 |    43 ||   103
  Dodge: Dodged            |    30 |    20 ||    50
  Block: Kite shield       |    20 |    32 ||    52

Table legend: (Time is in decaauts)
 A = Elapsed time spent in this place.
 B = Non-inter-level travel time spent in this place.
 C = Inter-level travel time spent in this place.
 D = Time resting spent in this place.
 E = Time spent auto-exploring this place.
 F = Levels seen in this place.
 G = Mean time per level.
                   A        B        C        D        E       F      G
               +--------+--------+--------+--------+--------+-----+--------+
         Total |   2327 |   2236 |     91 |     18 |   1676 |   4 |  581.8 |
       Dungeon |   2327 |   2236 |     91 |     18 |   1676 |   4 |  581.8 |
               +--------+--------+--------+--------+--------+-----+--------+

Top non-repeatable levels by time:
     D:3: 848 daAuts
     D:2: 758 daAuts
     D:1: 682 daAuts
     D:4: 38 daAuts
